 Dungeon Crawl Stone Soup version 0.17-a0-1210-g1e4f09d (webtiles) character file.

166 SWAGNEMITE the Skirmisher (level 5, 0/33 HPs)
             Began as a Gargoyle Fighter on June 3, 2015.
             Killed from afar by an orc wizard (9 damage)
             ... with a magic dart
             ... on level 4 of the Dungeon.
             The game lasted 00:08:11 (2502 turns).

SWAGNEMITE the Skirmisher (Gargoyle Fighter)        Turns: 2502, Time: 00:08:12

Health: 0/33       AC: 16    Str: 24    XL:     5   Next: 47%
Magic:  5/5        EV:  8    Int:  9    God:
Gold:   259        SH: 10    Dex: 10    Spells: 0 memorised, 4 levels left

rFire  . . .     SeeInvis .     r - +2 flail (protect)
rCold  . . .     Clarity  .     b - +0 scale mail
rNeg   + . .     SustAt   .     c - +0 shield
rPois  ∞         Gourm    .     (no helmet)
rElec  +         Spirit   .     (no cloak)
rCorr  .         Warding  .     (no gloves)
rMut   .         Stasis   .     (no boots)
MR     .....                    (no amulet)
Stlth  ..........               (no ring)
                                (no ring)

@: mighty, not resistant to hostile enchantments, extremely unstealthy
A: negative energy resistance 1, electricity resistance, unbreathing,
petrification resistance, rot immunity, AC +4
a: no special abilities


You were on level 4 of the Dungeon.
You were full.

You visited 1 branch of the dungeon, and saw 4 of its levels.

You collected 259 gold pieces.

Inventory:

Hand weapons
 r - a +2 flail of protection (weapon)
   (You found it on level 3 of the Dungeon)
Armour
 b - a +0 scale mail (worn)
 c - a +0 shield (worn)
Jewellery
 o - an uncursed amulet of resist mutation {rMut, !d}
   (You found it on level 2 of the Dungeon)
 u - a cursed -2 ring of strength {unknown}
   (You found it on level 3 of the Dungeon)
 x - an uncursed ring of wizardry {unknown}
   (You found it on level 4 of the Dungeon)
 A - an uncursed ring of protection from fire {unknown}
   (You found it on level 4 of the Dungeon)
 B - an uncursed amulet of the gourmand {unknown}
   (You found it on level 4 of the Dungeon)
Magical devices
 y - a wand of lightning (2)
   (You found it on level 4 of the Dungeon)
Scrolls
 e - 3 scrolls of identify {unknown}
 h - a scroll of blinking {unknown}
 i - 2 scrolls of teleportation
 k - a scroll of enchant weapon {unknown}
 s - 2 scrolls of remove curse {unknown}
 v - a scroll of recharging {unknown}
 w - a scroll of amnesia {unknown}
Potions
 a - 3 potions of curing {unknown}
 f - a potion of brilliance {unknown}
 g - a potion of degeneration {unknown}
 l - 2 potions of poison {unknown}
 m - 2 potions of lignification {unknown}
 p - a potion of haste {unknown}
 q - a potion of cancellation {unknown}
 t - a potion of flight {unknown}
 z - a potion of berserk rage {unknown}
Comestibles
 j - a meat ration {@e2}
 n - 3 fruits


   Skills:
 + Level 4.2 Fighting
 + Level 3.0 Maces & Flails
 + Level 4.1 Armour
 + Level 1.2 Dodging
 + Level 4.2 Shields


You had 4 spell levels left.
You didn't know any spells.

Dungeon Overview and Level Annotations

Branches:
Dungeon (4/15)
 Temple: D:4-7

Altars:
Nemelex Xobeh
Zin

Shops:
D:4 *


Innate Abilities, Weirdness & Mutations

You are resistant to torment.
Your stone body is resilient (AC +4).
You are immune to poison.
You resist negative energy.
You are resistant to electric shocks.
You can survive without breathing.
You are immune to petrification.
You are immune to rotting.


Message History

Health restored: 33 You hit the orc wizard but do no damage.
The orc wizard hits you but does no damage.
The orc hits you with a flail.
The orc wizard hits you with a dagger of protection.
The orc wizard hits you but does no damage.
The orc wizard gestures at you while chanting.
You resist with some effort.
You take 6 damage, and have 27/33 hp.
You sock the orc wizard!
The orc wizard hits you but does no damage.
The orc barely misses you. The orc wizard completely misses you.
You block the orc wizard's attack. The orc hits you but does no damage.
You closely miss the orc wizard. The orc wizard casts a spell at you.
The magic dart hits you! The orc wizard casts a spell at you.
The magic dart hits you!
The orc wizard hits you but does no damage.
You block the orc's attack.
You hit the orc wizard but do no damage.
The orc wizard closely misses you. You block the orc wizard's attack.
You block the orc wizard's attack. The orc hits you with a flail.
The orc wizard casts a spell.
The orc wizard blinks!
The orc wizard barely misses you.
You take 1 damage, and have 26/33 hp.
The orc wizard casts a spell at you. The magic dart hits you!
You take 8 damage, and have 18/33 hp.
MASSIVE DAMAGE!!
The orc wizard barely misses you. x2
The orc wizard mumbles some strange words.
The orc wizard blinks!
You closely miss the orc wizard.
The orc wizard gestures at you while chanting.
The magic dart hits you! The orc wizard barely misses you.
The orc hits you but does no damage.
You take 1 damage, and have 18/33 hp.
You block the orc wizard's attack.
The orc wizard points at you and mumbles some strange words.
The magic dart hits you! You block the orc wizard's attack.
You closely miss the orc wizard. The orc wizard casts a spell at you.
The magic dart hits you!
The orc wizard hits you with a dagger of protection.
The orc hits you but does no damage.
The orc wizard hits you but does no damage.
You take 2 damage, and have 16/33 hp.
You hit the orc wizard.
The orc wizard hits you but does no damage.
The orc wizard barely misses you. The orc hits you but does no damage.
The orc wizard hits you but does no damage.
The orc wizard points at you and mumbles some strange words.
The magic dart hits you!
You take 4 damage, and have 12/33 hp.
You closely miss the orc wizard.
The orc wizard hits you but does no damage.
You block the orc's attack.
The orc wizard hits you but does no damage. x2
You closely miss the orc wizard. You block the orc wizard's attack.
You block the orc's attack.
The orc wizard hits you with a dagger of protection.
* * * LOW HITPOINT WARNING * * *
The orc wizard points at you and mumbles some strange words.
The magic dart hits you!
You take 3 damage, and have 9/33 hp.
You feel very mighty all of a sudden.
The orc wizard hits you but does no damage.
The orc wizard gestures wildly while chanting.
The orc wizard blinks!
You block the orc's attack.
You barely miss the orc wizard. You block the orc wizard's attack.
The orc wizard closely misses you. The orc wizard hits you with a dagger.
* * * LOW HITPOINT WARNING * * *
The orc wizard casts a spell.
The orc wizard blinks!
You take 2 damage, and have 8/33 hp.
You barely miss the orc wizard. You block the orc wizard's attack.
The orc barely misses you.
The orc wizard hits you but does no damage.
You closely miss the orc wizard.
The orc wizard hits you but does no damage.
You closely miss the orc wizard.
The orc wizard is no longer moving quickly.
The orc barely misses you.
You hit the orc wizard. The orc hits you but does no damage.
The orc wizard hits you but does no damage.
The orc wizard closely misses you.
The orc wizard hits you but does no damage. x2
You block the orc's attack.
You completely miss the orc wizard. The orc wizard completely misses you.
The orc wizard gestures wildly while chanting.
The orc wizard blinks!
You block the orc's attack.
Your shield prevents you from hitting the orc wizard.
You block the orc wizard's attack. You block the orc's attack.
The orc wizard gestures wildly while chanting.
The orc wizard blinks!
You block the orc's attack.
The orc wizard points at you and mumbles some strange words.
The magic dart hits you!
You die...

...........##......###..
...........#####...####.
#..........#####........
#..........#...#........
#..........#...#........
+..........+............ ..
#........(.#...#........
...#......o...+............
...#.....o@...#.....^..##.#
.......................#...
...............##......#...
...........#.#.<.......#...
..........o#.####......#...
...........#...........#...
...........######......#...
.......##### ....#...
....... #...


You could see 2 orc wizards and an orc.

Vanquished Creatures
  Ijyb (D:2)
  Robin (D:2)
  2 adders (D:2)
  2 oozes (D:1)
  4 worms
  3 giant geckos
  4 orcs (D:3)
  4 giant cockroaches
  14 goblins
  10 hobgoblins
  3 jackals
  2 quokkas (D:2)
  3 ball pythons
  8 bats
  A giant newt (D:2)
  11 kobolds
  10 rats
83 creatures vanquished.

Notes
Turn   | Place    | Note
--------------------------------------------------------------
     0 | D:1      | SWAGNEMITE the Gargoyle Fighter began the quest for the Orb.
     0 | D:1      | Reached XP level 1. HP: 14/14 MP: 1/1
    90 | D:1      | Reached XP level 2. HP: 17/19 MP: 2/2
   308 | D:1      | Reached XP level 3. HP: 23/23 MP: 3/3
   704 | D:2      | Noticed Ijyb
   754 | D:2      | Killed Ijyb
   754 | D:2      | Reached skill level 1 in Dodging
   754 | D:2      | Reached XP level 4. HP: 26/29 MP: 4/4
   869 | D:2      | Noticed Robin
   992 | D:2      | Killed Robin
   992 | D:2      | Reached skill level 4 in Armour
   992 | D:2      | Reached skill level 4 in Shields
  1231 | D:2      | Reached XP level 5. HP: 21/33 MP: 5/5
  1428 | D:2      | Reached skill level 4 in Fighting
  1545 | D:2      | Reached skill level 3 in Maces & Flails
  2117 | D:3      | Found a sparkling altar of Nemelex Xobeh.
  2414 | D:4      | Found Zin's Purification Station.
  2418 | D:4      | Found a glowing silver altar of Zin.
  2494 | D:4      | HP: 8/33 [orc wizard/dagger (2)]
  2502 | D:4      | Killed from afar by an orc wizard

Vault maps used:
D:1:      lemuel_arrival_rhombus
D:2:      first_bread, uniq_robin, uniq_iyjb
D:3:      nemelex_xobeh_ov_fountains_minmay
D:4:      zin_purify, tso_altar

Action                   |  1- 3 |  4- 6 || total
-------------------------+-------+-------++-------
Melee: Flail             |    79 |    92 ||   171
       Whip              |    41 |   176 ||   217
  Use: Scroll            |       |     1 ||     1
       Potion            |       |     1 ||     1
  Eat: Bread ration      |       |     3 ||     3

Vault maps used:
D:1:      lemuel_arrival_rhombus
D:2:      first_bread, uniq_robin, uniq_iyjb
D:3:      nemelex_xobeh_ov_fountains_minmay
D:4:      zin_purify, tso_altar

Table legend:
 A = Turns spent in this place as a percentage of turns spent in the entire game.
 B = Non-inter-level travel turns spent in this place as a percentage of non-inter-level travel turns spent in the entire game.
 C = Inter-level travel turns spent in this place as a percentage of turns spent in this place.
 D = Turns resting spent in this place as a percentage of non-inter-level travel turns spent in this place.
 E = Turns spent auto-exploring this place as a percentage of non-inter-level travel turns spent in this place.
 F = Non-inter-level travel turns spent in this place divided by the number of levels of this place that you've seen.
                   A       B       C       D       E      F
               +-------+-------+-------+-------+-------+----------------------
         Total | 100.0 | 100.0 |   0.6 |   1.2 |  11.4 | 250.0
       Dungeon | 100.0 | 100.0 |   0.6 |   1.2 |  11.4 | 250.0
               +-------+-------+-------+-------+-------+----------------------

Table legend:
 A = Kills in this place as a percentage of kills in entire the game.
 B = Kills by you in this place as a percentage of kills by you in the entire game.
 C = Kills by friends in this place as a percentage of kills by friends in the entire game.
 D = Other kills in this place as a percentage of other kills in the entire game.
 E = Experience gained in this place as a percentage of experience gained in the entire game.
 F = Experience gained in this place divided by the number of levels of this place that you have seen.
                   A       B       C       D       E      F
               +-------+-------+-------+-------+-------+----------------------
         Total | 100.0 | 100.0 |  -nan |  -nan | 100.0 |  59.5
       Dungeon | 100.0 | 100.0 |  -nan |  -nan | 100.0 |  59.5
               +-------+-------+-------+-------+-------+----------------------
